 Seeded DCSS version 0.29.1-15-g9cfb28693d (webtiles) character file.

Game seed: 1 (custom seed)

218087 Kazon the Champion of Chaos (level 18, -12/204 HPs)
             Began as a Demonspawn Fighter on Feb 28, 2023.
             Was the Champion of Makhleb.
             Mangled by a +6 vampiric eveningstar (19 damage)
             ... on level 2 of the Elven Halls on Mar 1, 2023.
             The game lasted 03:03:47 (24987 turns).

Kazon the Champion of Chaos (Demonspawn Fighter)   Turns: 24987, Time: 03:03:47

Health: -12/204    AC: 39    Str: 17    XL:     18   Next: 40%
Magic:  30/30      EV: 10    Int: 10    God:    Makhleb [******]
Gold:   3576       SH: 19    Dex: 27    Spells: 17/17 levels left

rFire   + + +      SeeInvis +   f - +6 Maxwell's thermic engine {flame, freeze}
rCold   + + .      Faith    .   c - +4 kite shield of the Evening Star {rF- rC+ rN++ Regen+}
rNeg    + + +      Spirit   .   o - +12 plate armour of Soft Rains {rF+ Dex+2}
rPois   +          Reflect  .   k - +0 helmet
rElec   .          Harm     .   Q - scarf {rC+ rF+}
rCorr   +          Rampage  .   Z - +1 pair of gloves {Dex+3}
Will    +....                   M - +2 pair of boots {Fly}
Stlth   ..........              S - amulet "Odemouw" {Contam rPois rF+++ Regen+ Stlth+}
HPRegen 2.04/turn               R - ring of see invisible
MPRegen 0.22/turn               Y - ring of positive energy

@: berserking, flying, studying 2 skills, very quick
A: claws 2, yellow scales 3, powered by death 2, spiny 2, agile 1, wild magic 1
}: 1/15 runes: gossamer
a: Renounce Religion, Minor Destruction, Lesser Servant of Makhleb, Major
Destruction, Greater Servant of Makhleb


You were on level 2 of the Elven Halls.
You worshipped Makhleb.
Makhleb was exalted by your worship.
You visited 6 branches of the dungeon, and saw 29 of its levels.
You visited the Abyss 1 time.
You also visited: Gauntlet.

You collected 5074 gold pieces.
You spent 1498 gold pieces at shops.

Inventory:

Hand Weapons
 e - a +2 dagger of venom
 f - the +6 Maxwell's thermic engine (weapon) {flame, freeze}
   (You found it on level 1 of the Lair of Beasts)

   It burns those it strikes, dealing additional fire damage.
   Big, fiery blades are also staple armaments of hydra-hunters.
   It freezes those it strikes, dealing additional cold damage.
   It can also slow down cold-blooded creatures.
   It becomes more effective when it hits something.
   This effect fades over time.
 s - the +3 falchion of Winter {venom, rCorr}
   (You bought it in a shop on level 3 of the Dungeon)

   It poisons the flesh of those it strikes.
   rCorr:     It protects you from acid and corrosion.
Missiles
 i - 10 javelins
 j - 5 datura-tipped darts
 m - 5 curare-tipped darts
 w - 30 boomerangs (quivered)
Armour
 c - the +4 kite shield of the Evening Star (worn) {rF- rC+ rN++ Regen+}
   (You acquired it on level 1 of the Dungeon)

   rF:        It makes you vulnerable to fire.
   rC:        It protects you from cold.
   rN:        It greatly protects you from negative energy.
   Regen:     It increases your rate of health regeneration.
 k - a +0 helmet (worn)
 o - the +12 plate armour of Soft Rains (worn) {rF+ Dex+2}
   (You found it on level 2 of the Elven Halls)

   Dex:       It affects your dexterity (+2).
   rF:        It protects you from fire.
 M - a +2 pair of boots of flying (worn)
 Q - a scarf of resistance (worn)
 Z - a +1 pair of gloves of dexterity (worn)
Jewellery
 r - a ring of ice
 z - a ring of protection from cold
 R - a ring of see invisible (left hand)
 S - the amulet "Odemouw" (around neck) {Contam rPois rF+++ Regen+ Stlth+}
   (You bought it in a shop on level 8 of the Dungeon)

   [amulet of regeneration]

   rF:        It renders you almost immune to fire.
   rPois:     It protects you from poison.
   Contam:    It causes magical contamination when unequipped.
   Regen:     It increases your rate of health regeneration.
   Stlth:     It makes you more stealthy.
 Y - a ring of positive energy (right hand)
Wands
 y - a wand of mindburst (12)
 E - a wand of flame (29)
 G - a wand of paralysis (28)
 I - a wand of roots (21)
 P - a wand of polymorph (8)
Scrolls
 n - 4 scrolls of immolation
 p - a scroll of poison
 q - 6 scrolls of fog
 u - 2 scrolls of magic mapping
 v - a scroll of blinking
 B - 9 scrolls of teleportation
 H - 5 scrolls of fear
 J - 2 scrolls of summoning
 V - 2 scrolls of silence
Potions
 a - 8 potions of ambrosia
 b - 2 potions of berserk rage
 d - 5 potions of might
 g - 5 potions of haste
 h - 2 potions of resistance
 l - 9 potions of curing
 t - 11 potions of lignification
 A - 3 potions of cancellation
 O - 2 potions of invisibility
 T - 5 potions of heal wounds
Miscellaneous
 D - a tin of tremorstones (2/2)
 F - a phial of floods
 K - a condenser vane
 N - a lightning rod (4/4)
 W - a phantom mirror


   Skills:
 + Level 10.7 Fighting
 + Level 4.8(10.4) Short Blades
 + Level 14.1(14.5) Long Blades
 + Level 9.4 Throwing
 * Level 12.2 Armour
 + Level 8.0 Dodging
 + Level 8.2 Stealth
 + Level 12.5 Shields
 * Level 16.6 Invocations
 * Level 14.0 Evocations


You had 17 spell levels left.
You didn't know any spells.
Your spell library contained the following spells:

 Spells                   Type           Power      Damage    Failure   Level
 Apportation              Tloc           0%         N/A       100%        1
 Magic Dart               Conj           0%         1d3       100%        1
 Necrotise                Necr           0%         1d4       100%        1
 Sting                    Tmut/Pois      0%         1d3       100%        1
 Summon Small Mammal      Summ           0%         N/A       100%        1
 Call Imp                 Summ           0%         N/A       100%        2
 Poisonous Vapours        Pois/Air       0%         N/A       100%        2
 Scorch                   Fire           0%         2d5       100%        2
 Call Canine Familiar     Summ           0%         N/A       100%        3
 Dazzling Flash           Conj/Hex       0%         N/A       100%        3
 Mephitic Cloud           Conj/Pois/Air  0%         N/A       100%        3
 Ozocubu's Armour         Ice            0%         N/A       100%        3
 Animate Armour           Summ/Erth      0%         N/A       100%        4
 Flame Wave               Conj/Fire      0%         2d4       100%        4
 Iskenderun's Mystic Bla  Conj/Tloc      0%         2d3       100%        4
 Olgreb's Toxic Radiance  Pois           0%         N/A       100%        4
 Summon Ice Beast         Ice/Summ       0%         N/A       100%        4
 Alistair's Intoxication  Tmut/Pois      0%         N/A       100%        5
 Blade Hands              Tmut           0%         N/A       100%        5
 Fireball                 Conj/Fire      0%         3d3       100%        5
 Iskenderun's Battlesphe  Conj           0%         2d6       100%        5
 Metabolic Englaciation   Hex/Ice        0%         N/A       100%        5
 Summon Forest            Summ/Tloc      0%         N/A       100%        5
 Summon Mana Viper        Hex/Summ       0%         N/A       100%        5
 Conjure Ball Lightning   Conj/Air       0%         3x3d6     100%        6
 Eringya's Noxious Bog    Tmut/Pois      0%         N/A       100%        6
 Iron Shot                Conj/Erth      0%         9d1       100%        6
 Simulacrum               Ice/Necr       0%         N/A       100%        6
 Starburst                Conj/Fire      0%         6d3       100%        6
 Summon Cactus Giant      Summ           0%         N/A       100%        6
 Haunt                    Necr/Summ      0%         N/A       100%        7
 Monstrous Menagerie      Summ           0%         N/A       100%        7
 Orb of Destruction       Conj           0%         9d5       100%        7
 Ozocubu's Refrigeration  Ice            0%         4d7       100%        7
 Summon Hydra             Summ           0%         N/A       100%        7


Dungeon Overview and Level Annotations

Branches:
Dungeon (15/15)            Temple (1/1) D:7            Lair (5/5) D:10
 Shoals (0/4) Lair:3       Spider (4/4) Lair:3        Slime (0/5) Lair:4
    Orc (2/2) D:12            Elf (2/3) Orc:2        Vaults (0/5) D:13
Gauntlet (visited)
 Depths: D:15

Altars:
Ashenzari
Dithmenos
Gozag
Hepliaklqana
Kikubaaqudgha
Makhleb
Okawaru
Qazlal
Uskayaw
Jiyva

Shops:
D:3 (   D:8 ?(==   D:10 :   D:13 !   Orc:2 ([*=   Elf:2 [?!?

Annotations:
D:14 3 runed translucent doors, Ehaok's ghost, journeyman DsGl
Elf:2 Nikola


Innate Abilities, Weirdness & Mutations

You have very sharp fingernails.
You are completely covered in yellow scales. (AC +4, rCorr)
You regenerate health from kills.
You are mostly covered in sharp spines.
You are agile. (Dex +4, Str/Int -1)
Your spells are a little harder to cast, but a little more powerful.


Message History

The bolt of lightning hits the +5 antimagic hand axe!
The +5 antimagic hand axe resists.
The bolt of lightning hits the +6 vampiric eveningstar!!
The +6 vampiric eveningstar resists.
The bolt of lightning hits the deep elf knight!!!
The deep elf knight dies!
The bolt of lightning hits the +6 vorpal war axe!!
The +6 vorpal war axe resists.
The +5 antimagic hand axe hits you but does no damage.
You hit the +6 vampiric eveningstar but do no damage.
The +6 vampiric eveningstar is almost destroyed.
The +6 vampiric eveningstar closely misses you.
Nikola is struck by your spines. Nikola hits you but does no damage.
You block the +5 antimagic hand axe's attack.
Unknown command.
You closely miss the +5 antimagic hand axe.
The +5 antimagic hand axe is severely damaged.
You block the +6 vampiric eveningstar's attack.
You block the +5 antimagic hand axe's attack.
Unknown command.
You hit the +6 vampiric eveningstar but do no damage.
The +6 vampiric eveningstar is severely damaged.
Nikola hits you but does no damage.
You block the +6 vampiric eveningstar's attack.
You block the +5 antimagic hand axe's attack.
Unknown command.
You slash Nikola! You burn Nikola. You freeze Nikola.
Nikola is heavily wounded.
You block the +6 vampiric eveningstar's attack.
The +5 antimagic hand axe barely misses you.
Nikola mumbles some strange words.
Nikola blinks!
Unknown command.
Unknown command.
You barely miss the +5 antimagic hand axe.
The +5 antimagic hand axe is heavily damaged.
You block the +6 vorpal war axe's attack.
The +5 antimagic hand axe barely misses you.
The +6 vampiric eveningstar hits you!!
You die...

..........##
...................#
...............)..##
#...........#....##
#..........###...##
#........## ##)..##
##.....)...###.....#
#......((...#.....##
.......ยง@..........#
.......(..........##
##.@.##...##...#.##
##. ##.####.#### #
### ###


You could see Nikola and 3 dancing weapons.

Vanquished Creatures
  Mara (Spider:3)
  A tentacled starspawn (Abyss:5)
  Donald (Orc:2)
  The ghost of Smoke131 the Scorcher, an adept DrFE of Vehumet (Elf:2)
  Agnes (Elf:1)
  6 emperor scorpions
  4 ghost moths
  An orc warlord (Orc:2)
  A balrug (Abyss:5)
  The ghost of 0gre the Cleaver, a journeyman DsBe of Trog (Orc:2)
  2 very ugly things (Abyss:5)
  3 broodmothers
  A quicksilver ooze (Gauntlet)
  A deep elf demonologist (Elf:1)
  Nessos (D:12)
  4 spark wasps
  Snorg (D:14)
  A minotaur (Gauntlet)
  A purple draconian (Abyss:5)
  Azrael (D:13)
  3 entropy weavers
  A red draconian (Abyss:5)
  A fire dragon (D:13)
  Fannar (Lair:2)
  4 hydras
  Erolcha (D:10)
  3 catoblepae
  4 boulder beetles
  4 centaur warriors
  A vault guard (D:13)
  A jorogumo (Spider:4)
  A death knight (D:14)
  3 two-headed ogres
  15 dancing weapons
  8 death scarabs (Spider:4)
  10 death yaks
  3 orc high priests (Orc:2)
  2 large abominations (Abyss:5)
  Urug (Orc:1)
  2 spectral emperor scorpions (Spider:4)
  9 deep elf knights
  3 sun demons (Abyss:5)
  13 pharaoh ants
  5 skeletal warriors
  A fire crab (D:13)
  A sun moth (Spider:1)
  Lodul (D:12)
  A glowing orange brain (Abyss:5)
  7 steelbarb worms
  3 spriggan simulacra (D:14)
  7 orb spiders
  A wizard (D:14)
  10 deep elf archers
  5 spectral wolf spiders
  16 deep elf zephyrmancers
  6 orc sorcerers
  A broodmother zombie (Spider:4)
  7 wolf spider zombies
  21 wolf spiders
  2 orc knights (Orc:2)
  2 cyclopes
  20 deep elf pyromancers
  6 ugly things
  4 manticores
  3 moths of wrath
  5 elephants (Lair:4)
  5 black mambas
  11 cane toads
  9 torpor snails
  Maggie (D:6)
  A hellion (Abyss:5)
  4 rime drakes
  2 unseen horrors
  A rime drake (shapeshifter) (D:15)
  4 kobold demonologists (D:11)
  A freezing wraith (D:14)
  15 komodo dragons
  3 spectral redbacks (Spider:4)
  13 demonic crawlers
  A tengu conjurer (D:12)
  2 efreet
  3 redback zombies (Spider:4)
  2 queen bees (shapeshifter) (Elf:1)
  5 trolls
  Prince Ribbit (D:9)
  An ancient zyme (Abyss:3)
  A meliai (shapeshifter) (D:13)
  A queen bee (Spider:4)
  A spectral culicivora (Spider:4)
  A polar bear (Lair:4)
  9 meliai (Spider:4)
  25 tarantellas
  2 jumping spider zombies (Spider:4)
  2 tarantella zombies (Spider:4)
  2 wolf spider simulacra (Spider:1)
  2 spectral jumping spiders (Spider:4)
  17 blink frogs
  5 dream sheep (Lair:4)
  A culicivora zombie (Spider:4)
  A snapping turtle (Lair:3)
  33 jumping spiders
  2 shadows
  A vampire (D:12)
  13 starcursed masses
  61 yaks
  31 culicivoras
  2 wraiths (D:12)
  4 water elementals
  4 fire elementals
  5 wyverns
  5 basilisks
  Eustachio (D:5)
  49 redbacks
  2 steam dragons
  6 vampire mosquitoes
  3 minotaur simulacra (D:14)
  5 neqoxecs (Abyss:5)
  Menkaure (D:5)
  Edmund (D:6)
  2 wargs (Orc:1)
  2 acid dragons
  16 water moccasins
  2 hell hounds (D:13)
  32 orc warriors
  An ice beast (D:8)
  5 sky beasts
  2 black bears (D:6)
  5 centaurs
  11 ogres
  A wolf (D:10)
  2 phantoms (D:6)
  3 kobold brigands
  An earth elemental (Elf:2)
  3 necrophages
  6 bullfrogs
  2 deep troll simulacra (D:14)
  A gnoll sergeant (D:7)
  10 scorpions
  21 wights
  19 killer bees
  3 electric eels
  A howler monkey (D:5)
  2 jellies (D:6)
  6 hounds
  27 orc priests
  2 gnoll boudas
  6 iguanas
  30 orc wizards
  4 hell rats (Lair:3)
  Robin (D:3)
  15 gnolls
  13 adders
  3 shadow imps
  2 white imps (D:7)
  2 ufetubi
  4 worms
  91 orcs
  11 endoplasms
  3 giant cockroaches
  15 goblins
  9 hobgoblins
  A jackal (D:4)
  27 kobolds
  A quokka (D:1)
  4 ball pythons
  4 bats
  3 frilled lizards
  6 rats
1090 creatures vanquished.

Vanquished Creatures (collateral kills)
  Rupert (D:12)
  A catoblepas (Lair:5)
  2 spectral wolf spiders (Spider:1)
  A wolf spider zombie (Spider:1)
  A freezing wraith (D:14)
  A vampire (D:10)
  2 yaks (Lair:5)
  2 orc warriors (Orc:2)
  4 orc priests (Orc:2)
  4 orcs (Orc:2)
19 creatures vanquished.

Vanquished Creatures (others)
  A deep elf knight (Elf:2)
  A sea snake (shapeshifter) (D:14)
  A deep elf zephyrmancer (Elf:2)
  A wolf spider (Spider:1)
  2 centaur simulacra (D:14)
  An air elemental (Elf:2)
  A culicivora (Spider:2)
  A redback (Spider:1)
  A quokka (D:7)
  17 fungi
  31 plants
  2 starspawn tentacles (Abyss:5)
60 creatures vanquished.

Grand Total: 1169 creatures vanquished

Notes
Turn   | Place    | Note
-------+----------+-------------------------------------------
     0 | D:1      | Kazon the Demonspawn Fighter began the quest for the Orb.
     0 | D:1      | Reached XP level 1. HP: 18/18 MP: 1/1
    96 | D:1      | Identified a scroll of acquirement
    96 | D:1      | Acquired the +4 kite shield of the Evening Star {rF- rC+
                  | rN++ Regen+}
   133 | D:1      | Gained mutation: You are partially covered in sharp spines.
                  | [demonic ancestry]
   133 | D:1      | Reached XP level 2. HP: 20/24 MP: 2/2
   688 | D:2      | Gained mutation: You regenerate a little health from kills.
                  | [demonic ancestry]
   688 | D:2      | Reached XP level 3. HP: 28/29 MP: 3/3
  1319 | D:3      | Found Umat's Antique Weapon Boutique.
  1361 | D:3      | Bought a crude falchion for 184 gold pieces
  1361 | D:3      | Identified the +3 falchion of Winter {venom, rCorr} (You
                  | bought it in a shop on level 3 of the Dungeon)
  1516 | D:3      | Reached XP level 4. HP: 35/35 MP: 4/4
  1527 | D:3      | Noticed Robin
  1535 | D:3      | Killed Robin
  1583 | D:3      | Reached XP level 5. HP: 41/41 MP: 5/5
  1811 | D:3      | Reached skill level 5 in Fighting
  1811 | D:3      | Reached skill level 5 in Armour
  1811 | D:3      | Reached skill level 5 in Shields
  1811 | D:3      | Reached XP level 6. HP: 51/51 MP: 6/6
  2286 | D:4      | Found a hazy altar of Hepliaklqana.
  2431 | D:4      | Gained mutation: You have sharp fingernails. [demonic
                  | ancestry]
  2431 | D:4      | Reached XP level 7. HP: 51/56 MP: 7/7
  2550 | D:4      | You fall into a shaft and drop 1 floor!
  2550 | D:5      | Entered Level 5 of the Dungeon
  2872 | D:5      | Noticed Eustachio
  2954 | D:5      | Reached skill level 5 in Long Blades
  2954 | D:5      | Reached skill level 1 in Evocations
  3104 | D:5      | Noticed Menkaure
  3122 | D:5      | Killed Menkaure
  3123 | D:5      | Gained mutation: You have very sharp fingernails. [demonic
                  | ancestry]
  3123 | D:5      | Reached XP level 8. HP: 26/63 MP: 8/8
  3414 | D:5      | Killed Eustachio
  3775 | D:7      | Found a staircase to the Ecumenical Temple.
  3790 | Temple   | Entered the Ecumenical Temple
  3795 | Temple   | Became a worshipper of Makhleb the Destroyer
  3851 | D:7      | Found a hide-covered altar of Uskayaw.
  3924 | D:6      | Reached skill level 1 in Invocations
  3924 | D:6      | Gained mutation: You are mostly covered in sharp spines.
                  | [demonic ancestry]
  3924 | D:6      | Reached XP level 9. HP: 69/69 MP: 9/9
  3966 | D:6      | Reached skill level 2 in Invocations
  3971 | D:6      | Reached * piety under Makhleb
  3988 | D:6      | Noticed Edmund
  3999 | D:6      | Killed Edmund
  4230 | D:6      | Reached skill level 3 in Invocations
  4293 | D:6      | Noticed Maggie
  4314 | D:6      | Killed Maggie
  4752 | D:7      | Gained mutation: You are partially covered in yellow
                  | scales. (AC +2) [demonic ancestry]
  4752 | D:7      | Reached XP level 10. HP: 68/76 MP: 12/12
  4753 | D:7      | Reached skill level 4 in Invocations
  4824 | D:7      | Reached ** piety under Makhleb
  5177 | D:8      | Found Quzidd's Magic Scroll Emporium.
  5182 | D:8      | Bought a scroll of teleportation for 42 gold pieces
  5264 | D:8      | Found Esumer's Weapon Shop.
  5784 | D:8      | Found Zoxtaeshakh's Jewellery Boutique.
  5837 | D:8      | Found Heidghoki's Jewellery Shop.
  6114 | D:9      | Reached skill level 5 in Invocations
  6394 | D:9      | Noticed a two-headed ogre
  6406 | D:9      | Killed a two-headed ogre
  6421 | D:9      | Reached *** piety under Makhleb
  6596 | D:9      | Noticed Prince Ribbit
  6615 | D:9      | Killed Prince Ribbit
  6616 | D:9      | Reached skill level 5 in Throwing
  6793 | D:10     | Entered Level 10 of the Dungeon
  6842 | D:10     | Found a staircase to the Lair.
  6892 | D:10     | Noticed Erolcha
  6905 | D:10     | Killed Erolcha
  6906 | D:10     | Gained mutation: You are mostly covered in yellow scales.
                  | (AC +3) [demonic ancestry]
  6906 | D:10     | Reached XP level 11. HP: 83/83 MP: 15/15
  6924 | D:10     | Identified the +5 long sword of the Land of Plenty {drain,
                  | Dex+3}
  6941 | D:10     | Found Juagoaq's Book Shoppe.
  6990 | D:10     | Reached skill level 5 in Evocations
  7069 | D:10     | Reached skill level 6 in Invocations
  7340 | D:10     | Reached **** piety under Makhleb
  7469 | D:10     | Reached skill level 5 in Dodging
  7877 | D:11     | Noticed a green ugly thing
  7890 | D:11     | Killed a green ugly thing
  8110 | D:11     | Reached skill level 7 in Invocations
  8114 | D:11     | Noticed a soul eater
  8435 | D:12     | Noticed Lodul
  8453 | D:12     | Killed Lodul
  8478 | D:12     | Noticed a two-headed ogre
  8494 | D:12     | Killed a two-headed ogre
  8656 | D:11     | Reached XP level 12. HP: 89/89 MP: 17/17
  8944 | D:8      | Bought the amulet "Odemouw" {Contam rPois rF+++ Regen+
                  | Stlth+} for 734 gold pieces
  9025 | Lair:1   | Entered Level 1 of the Lair of Beasts
  9056 | Lair:1   | Reached ***** piety under Makhleb
  9141 | Lair:1   | Found the +2 Maxwell's thermic engine {flame, freeze}
  9701 | Lair:2   | Reached skill level 5 in Stealth
  9714 | Lair:2   | Noticed Fannar
  9718 | Lair:2   | Noticed a catoblepas
  9735 | Lair:2   | Killed Fannar
  9736 | Lair:2   | Reached skill level 8 in Invocations
  9810 | Lair:2   | Killed a catoblepas
 10503 | Lair:3   | Noticed a death yak
 10503 | Lair:3   | Noticed a death yak
 10508 | Lair:3   | Noticed a death yak
 10509 | Lair:3   | Noticed a death yak
 10512 | Lair:3   | Killed a death yak
 10516 | Lair:3   | Killed a death yak
 10517 | Lair:3   | Reached skill level 9 in Invocations
 10518 | Lair:3   | Killed a death yak
 10537 | Lair:3   | Killed a death yak
 10538 | Lair:3   | Reached XP level 13. HP: 96/96 MP: 19/19
 10653 | Lair:3   | Found an ancient bone altar of Kikubaaqudgha.
 10763 | Lair:3   | Found a hole to the Spider Nest.
 11024 | Lair:3   | Found a staircase to the Shoals.
 11242 | Lair:4   | Found a viscous altar of Jiyva.
 11248 | Lair:4   | Found a staircase to the Slime Pits.
 11546 | Lair:4   | Identified the +3 battleaxe "Adididghufym" {antimagic, rF+
                  | Will+}
 11810 | Lair:5   | Entered Level 5 of the Lair of Beasts
 11837 | Lair:5   | Reached skill level 10 in Long Blades
 11837 | Lair:5   | Reached skill level 10 in Invocations
 12073 | Lair:5   | Reached ****** piety under Makhleb
 12755 | Lair:5   | Gained mutation: You regenerate health from kills. [demonic
                  | ancestry]
 12755 | Lair:5   | Reached XP level 14. HP: 77/104 MP: 22/22
 12845 | Lair:5   | Reached skill level 11 in Invocations
 13147 | D:12     | Noticed Nessos
 13162 | D:12     | Killed Nessos
 13258 | D:12     | Noticed Rupert
 13273 | D:12     | Killed Rupert
 13458 | D:12     | Found a staircase to the Orcish Mines.
 13789 | D:13     | Noticed Azrael
 13819 | D:13     | Killed Azrael
 13931 | D:13     | Found Ituota Roil's Distillery.
 14139 | D:13     | Reached skill level 10 in Shields
 14174 | D:13     | Found a gate to the Vaults.
 14414 | D:13     | Reached skill level 12 in Invocations
 14681 | D:14     | Found a runed translucent gate.
 14682 | D:14     | Found a runed translucent gate.
 14689 | D:14     | Found a runed translucent gate.
 14690 | D:14     | Noticed Ehaok's ghost (journeyman DsGl)
 14735 | D:14     | Noticed a broodmother
 14735 | D:14     | an entropy weaver changed into a broodmother
 14745 | D:14     | a broodmother changed into a wolf spider
 14911 | D:14     | Reached skill level 10 in Evocations
 14993 | D:14     | Found a frozen archway.
 15109 | D:14     | Noticed Snorg
 15120 | D:14     | Killed Snorg
 15121 | D:14     | Reached XP level 15. HP: 112/112 MP: 24/24
 15212 | D:14     | Identified the +6 scale mail "Voetobuo" {Int-3 Dex+8}
 15544 | D:15     | Entered Level 15 of the Dungeon
 15758 | Spider:1 | Entered Level 1 of the Spider Nest
 15928 | Spider:1 | Noticed an emperor scorpion
 15937 | Spider:1 | Killed an emperor scorpion
 16082 | Spider:1 | Reached skill level 13 in Invocations
 17003 | Spider:1 | Acquired a manual of Armour
 17224 | Spider:2 | Noticed an emperor scorpion
 17233 | Spider:2 | Killed an emperor scorpion
 17970 | Spider:3 | Reached skill level 14 in Invocations
 18013 | Spider:3 | Reached XP level 16. HP: 120/120 MP: 26/26
 19158 | Spider:4 | Entered Level 4 of the Spider Nest
 19158 | Spider:4 | Noticed Mara
 19165 | Spider:3 | Noticed Kazon's illusion
 19196 | Spider:3 | Killed Mara
 20190 | Spider:4 | Reached skill level 15 in Invocations
 20546 | Spider:4 | Reached XP level 17. HP: 127/127 MP: 28/28
 20616 | Spider:4 | Reached skill level 10 in Armour
 20880 | Spider:4 | Got a gossamer rune of Zot
 21138 | Orc:1    | Entered Level 1 of the Orcish Mines
 21300 | Orc:1    | Noticed Urug
 21309 | Orc:1    | Killed Urug
 21661 | Orc:1    | You fall into a shaft and drop 1 floor!
 21661 | Orc:2    | Entered Level 2 of the Orcish Mines
 21707 | Orc:2    | Noticed Donald
 21739 | Orc:2    | Killed Donald
 21740 | Orc:2    | Reached skill level 10 in Fighting
 21829 | Orc:2    | Found a gate leading to a gauntlet.
 21888 | Gauntlet | Entered a Gauntlet
 21888 | Gauntlet | Found a transporter.
 21891 | Gauntlet | Found a runed translucent door.
 21891 | Gauntlet | Found a transporter.
 21893 | Gauntlet | Found a transporter.
 21896 | Gauntlet | Found a transporter.
 21897 | Gauntlet | Found a transporter.
 21901 | Gauntlet | Found a runed translucent door.
 21905 | Gauntlet | Found a transporter.
 21905 | Gauntlet | Found the +12 glaive of Prune {vorpal}
 21906 | Gauntlet | Found a transporter.
 21909 | Gauntlet | Found a runed translucent door.
 21920 | Gauntlet | Found a transporter.
 22237 | Orc:2    | Found a runed translucent door.
 22241 | Orc:2    | Noticed 0gre's ghost (journeyman DsBe)
 22351 | Orc:2    | Found a staircase to the Elven Halls.
 22733 | Orc:2    | Found Leshref's General Store.
 22734 | Orc:2    | Found Geemeife's Jewellery Shoppe.
 22735 | Orc:2    | Found Pisuawn's Antique Armour Emporium.
 22735 | Orc:2    | Found Luduu's Antique Weapon Emporium.
 22739 | Orc:2    | Bought a pair of glowing boots for 172 gold pieces
 22762 | Orc:2    | Bought a potion of heal wounds for 60 gold pieces
 22762 | Orc:2    | Bought a scroll of fear for 48 gold pieces
 22762 | Orc:2    | Bought a potion of curing for 36 gold pieces
 22955 | Orc:2    | Killed 0gre's ghost
 23041 | Elf:1    | Entered Level 1 of the Elven Halls
 23253 | Elf:1    | Noticed Agnes
 23261 | Elf:1    | Killed Agnes
 23379 | Abyss:3  | Cast into level 3 of the Abyss (a deep elf demonologist)
 23491 | Abyss:5  | Gained mutation: Armour fits poorly on your strangely
                  | shaped body. [a neqoxec]
 23503 | Abyss:5  | Reached skill level 16 in Invocations
 23531 | Abyss:5  | Paralysed by accursed screaming for 1 turns
 23573 | Elf:1    | Escaped the Abyss
 23635 | Elf:1    | Got the Octavo of the Retinue
 23745 | Elf:1    | Gained mutation: You are completely covered in yellow
                  | scales. (AC +4, rCorr) [demonic ancestry]
 23745 | Elf:1    | Reached XP level 18. HP: 136/136 MP: 30/30
 24015 | D:12     | Lost mutation: Armour fits poorly on your strangely shaped
                  | body. [potion of mutation]
 24015 | D:12     | Gained mutation: You are agile. (Dex +4, Str/Int -1)
                  | [potion of mutation]
 24015 | D:12     | Gained mutation: Your spells are a little harder to cast,
                  | but a little more powerful. [potion of mutation]
 24097 | Elf:2    | Found Hiosedoa's Distillery.
 24097 | Elf:2    | Found Zoshugie's Magic Scroll Shoppe.
 24099 | Elf:2    | Found Uddis's Antique Armour Shoppe.
 24100 | Elf:2    | Found Wuev's Magic Scroll Emporium.
 24122 | Elf:2    | Bought a potion of curing for 36 gold pieces
 24122 | Elf:2    | Bought a potion of curing for 36 gold pieces
 24125 | Elf:2    | Bought a scroll of enchant armour for 150 gold pieces
 24219 | Elf:1    | Found an ancient bone altar of Kikubaaqudgha.
 24239 | Elf:2    | Found a transporter.
 24266 | Elf:2    | Noticed Smoke131's ghost (adept DrFE)
 24634 | Elf:2    | Found a transporter.
 24739 | Elf:2    | Killed Smoke131's ghost
 24745 | Elf:2    | Identified the +12 plate armour of Soft Rains {rF+ Dex+2}
 24817 | Elf:2    | Found a huge runed translucent gate.
 24842 | Elf:2    | Found a huge runed translucent gate.
 24843 | Elf:2    | Found a huge runed translucent gate.
 24843 | Elf:2    | Found a huge runed translucent gate.
 24844 | Elf:2    | Found a huge runed translucent gate.
 24973 | Elf:2    | Noticed Nikola
 24982 | Elf:2    | HP: 1/204 [Nikola/arc of chain lightning (68)]
 24987 | Elf:2    | Mangled by a +6 vampiric eveningstar

Illustrated notes

Levels and vault maps discovered:
D:1:      dpeg_arrival_three_smaller_balls, layout_basic
D:2:      layout_loops_ring
D:3:      layout_basic, serial_shops, nicolae_shop_stone, st_stairs_9,
          minmay_misc_feat_doors, eino_curves_03, uniq_robin
D:4:      minmay_wonky_spiral, layout_basic,
          mainiacjoe_overflow_surrounded_room, minivault_5
D:5:      layout_cave_pods, uniq_menkaure, uniq_eustachio
D:6:      cheibrodos_barr_body, layout_basic, minmay_crystal_room,
          minmay_pentangle, uniq_maggie, uniq_edmund
D:7:      layout_cave_pools, nicolae_uskayaw_murder_on_the_dancefloor,
          elyvilon_altar_4, minmay_temple_entry_purple_smoke
D:8:      layout_basic, serial_shops, shop_statue, kennysheep_little_box, shop,
          nicolae_shop_window_shopping
D:9:      layout_cave_pools, uniq_prince_ribbit1
D:10:     layout_stronghold, erik_lair_island, serial_shops,
          nicolae_shop_statue_plus, uniq_erolcha
D:11:     layout_roguey
D:12:     layout_loops_ring, orc_0_dummy, chequers_serial_rivers_marsh,
          uniq_lodul, uniq_nessos, uniq_rupert
D:13:     layout_gridville, david_vaults_5, serial_shops,
          nicolae_shop_behind_doors, minmay_fractal_squares_gapless_5,
          uniq_azrael
D:14:     layout_roguey, minmay_misc_feat_secret_circle, gammafunk_ghost_split,
          portal_ice_cave_entry_ice_simulacra, uniq_snorg
D:15:     hangedman_depths_entry_try_elsewhere_first, layout_loops_corners,
          uniq_roxanne
Temple:   nicolae_temple_bog_church
Lair:1:   layout_long_grid, fungi_pond_lemuel, cheibrodos_lair_reptile_den
Lair:2:   layout_gridlike, uniq_fannar
Lair:3:   layout_roguey, minmay_shoals_entry_hut,
          nicolae_spider_entry_non_spiders, basic_altar, serial_bayou_crossing
Lair:4:   layout_gridlike, slime_entry_1, serial_rivers,
          chequers_serial_rivers_room_a, chequers_serial_rivers_micro_c,
          chequers_serial_rivers_room_a, chequers_serial_rivers_micro_e,
          minivault_27, grunt_megastairs_3, infiniplex_staircase_pool_2
Lair:5:   evilmike_catoblepas_cave, layout_long_grid
Spider:1: layout_chambers, nicolae_spider_undead_wolf_pack
Spider:2: layout_cave_pods
Spider:3: layout_spider_delve
Spider:4: floodkiller_spider_rune_tomb, special_room [special_room_bee],
          uniq_mara
Orc:1:    layout_caves, basic_altar, uniq_urug
Orc:2:    st_orc_congregation, layout_caves, gauntlet_entry_generic,
          hellmonk_ghost_happy_afterlife, uniq_donald
Elf:1:    layout_gridlike, minmay_elf_demonology, lemuel_upstairs_altar,
          uniq_agnes
Elf:2:    elven_hall_of_blades_hangedman_alternative
          [nicolae_blade_entry_diamond_columns], layout_geoelf_diagonals,
          gammafunk_ghost_arena, minmay_shoptagon, uniq_nikola

Skill      XL: |  1  2  3  4  5  6  7  8  9 10 11 12 13 14 15 16 17 18 |
---------------+-------------------------------------------------------+-----
Armour         | 3 5 6 7 9 11 12 | 12.2
Long Blades    | 2 4 5 6 7 8 9 10 11 12 13 14 | 14.1
Shields        | 3 5 6 7 8 9 10 11 12 | 12.5
Fighting       | 5 6 7 8 9 10 | 10.7
Short Blades   | 3 4 |  4.8
Throwing       | 3 4 5 6 7 8 9 |  9.4
Dodging        | 3 4 5 6 7 8 |  8.0
Stealth        | 4 5 6 7 8 |  8.2
Evocations     | 1 2 3 4 6 7 9 10 11 12 13 14 | 14.0
Invocations    | 1 3 5 7 9 10 12 14 15 16 | 16.6

Action                   |  1- 3 |  4- 6 |  7- 9 | 10-12 | 13-15 | 16-18 || total
-------------------------+-------+-------+-------+-------+-------+-------++-------
Melee: Long sword        |    72 |       |       |   199 |       |       ||   271
       Dagger            |    24 |    20 |    67 |   105 |   132 |   128 ||   476
       Falchion          |       |    55 |   251 |   319 |    59 |    11 ||   695
       Double sword      |       |       |       |    58 |   710 |  1038 ||  1806
Throw: Stone             |    11 |    14 |     9 |    89 |       |       ||   123
       Boomerang         |       |    11 |    22 |    88 |   109 |   206 ||   436
       Dart              |       |       |       |     7 |   106 |   218 ||   331
       Javelin           |       |       |       |       |       |     4 ||     4
Invok: Lesser Servant of |       |       |       |     1 |     6 |     8 ||    15
       Major Destruction |       |       |       |       |     4 |       ||     4
       Greater Servant o |       |       |       |       |       |     1 ||     1
Evoke: Wand              |       |       |     3 |     9 |    36 |    26 ||    74
       Lightning rod     |       |       |       |       |     1 |     1 ||     2
       Phantom mirror    |       |       |       |       |     1 |       ||     1
       Tin of tremorston |       |       |       |       |       |     3 ||     3
       Condenser vane    |       |       |       |       |       |     2 ||     2
  Use: Scroll            |     1 |       |     3 |     6 |    16 |     5 ||    31
       Potion            |       |     1 |     2 |       |     1 |     3 ||     7
 Stab: Sleeping          |       |       |     2 |    15 |    29 |    19 ||    65
       Distracted        |       |       |       |       |     3 |     2 ||     5
       Paralysed         |       |       |       |       |     4 |    14 ||    18
       Held in net/web   |       |       |       |       |       |     3 ||     3
Armor: Scale mail        |    36 |    15 |    37 |       |   139 |   339 ||   566
       Leather armour    |       |       |    38 |    60 |       |       ||    98
       Troll leather arm |       |       |       |    27 |   107 |       ||   134
       Plate armour      |       |       |       |       |       |    23 ||    23
Dodge: Dodged            |    23 |    14 |    93 |   177 |   301 |   428 ||  1036
Block: Buckler           |     4 |       |       |       |       |       ||     4
       Kite shield       |    49 |    47 |   221 |   380 |   767 |  1033 ||  2497
